Cogmind - Beta 13 @@@ ROGUE MODE // 2024.04.03 @ 12:33:41 Player: KerbinFiber Result: Destroyed by G-34 Mercenary with Small Laser Performance ------------- Evolutions (0) 0 Regions Visited (1) 200 Robots Destroyed (7) 35 Value Destroyed (146) 146 Prototype IDs (0) 0 Alien Tech Used (0) 0 Bonus (0) 0 TOTAL SCORE: 381 Bonus ------- None Cogmind --------- Core Integrity 0/250 Matter 295/300 Energy 99/100 System Corruption 0% Temperature Cool (6) Movement Core (350) Ox6 Location -10/Materials Parts ------- > --- POWER (1) -------- (None) > --- PROPULSION (2) --- (None) > --- UTILITY (2) ------ Large Storage Unit > --- WEAPON (2) ------- (None) > --- INVENTORY (15) --- Light Ion Engine Aluminum Leg Aluminum Leg Terrain Scanner Medium Laser Light Cannon Peak State ------------ > --- POWER ------------ Ion Engine > --- PROPULSION ------- Wheel Wheel > --- UTILITY ---------- Large Storage Unit Terrain Scanner > --- WEAPON ----------- Medium Laser Datajack > --- INVENTORY -------- Light Ion Engine Light Treads Light Treads Aluminum Leg Aluminum Leg Small Storage Unit Terrain Scanner Terrain Scanner Medium Laser Small Laser Light Cannon [Rating: 8] Favorites ----------- Power Ion Engine Engine Ion Engine Propulsion Wheel Wheel Wheel Utility Large Storage Unit Device Terrain Scanner Storage Large Storage Unit Weapon Medium Laser Energy Gun Medium Laser Special Melee Weapon Datajack Build | -11 -10 ------- Run | Yrd Mat Slots Evolved . | . . Power . | . . Propulsion . | . . Utility . | . . Weapon . | . . Parts Attached 13 | 6 7 Power 1 | 1 . Engine 1 | 1 . Core . | . . Reactor . | . . Propulsion 2 | 2 . Treads . | . . Leg . | . . Wheel 2 | 2 . Hover . | . . Flight . | . . Utility 5 | 1 4 Device 3 | . 3 Storage 2 | 1 1 Processor . | . . Hackware . | . . Protection . | . . Artifact . | . . Weapon 5 | 2 3 Energy Gun 4 | 2 2 Energy Cannon . | . . Ballistic Gun . | . . Ballistic Cannon . | . . Launcher . | . . Special Weapon . | . . Impact Weapon . | . . Slashing Weapon . | . . Piercing Weapon . | . . Special Melee Weapon 1 | . 1 Unidentified Prototypes . | . . Parts Lost 8 | . 8 Power 1 | . 1 Propulsion 2 | . 2 Utility 2 | . 2 Weapon 3 | . 3 Highest Loss Streak 5 | . 5 To Critical Strikes . | . . Average Slot Usage (%) 76 | . 76 Engine 8 | . 8 Wheel 20 | . 20 Device 11 | . 11 Storage 14 | . 14 Energy Gun 14 | . 14 Special Melee Weapon 6 | . 6 Naked Turns . | . . Heaviest Build 33 | 13 33 Greatest Support 20 | 20 20 Greatest Overweight (x) 7 | 2 7 Average Overweight (x) 1 | . 1 Largest Inventory Capacity 15 | 8 15 Average Capacity 13 | 5 14 Most Carried 11 | 6 11 Average Carried 6 | 3 7 Final Capacity 15 | 8 15 Final Carried 6 | 6 6 Class Distribution -------------------- 100% | Mutant Dominant Class ---------------- Mutant | -10/Materials Resources | -11 -10 ----------- Run | Yrd Mat Matter Collected 310 | 246 64 Remotely . | . . Salvage Created 176 | . 176 Parts 14 | . 14 Haulers Intercepted . | . . Recyclers Shooed . | . . Parts Field Recycled . | . . Retrieved Matter . | . . Parts Self-Destructed . | . . Prevented . | . . Kills | -11 -10 ------- Run | Yrd Mat Combat Hostiles Destroyed 6 | . 6 Guns 6 | . 6 Classes Destroyed 3 | . 3 Worker 1 | . 1 Swarmer 3 | . 3 Grunt 3 | . 3 Best Kill Streak 3 | . 3 Combat Bots Only 3 | . 3 Max Kills in Single Turn 1 | . 1 Gunslinging . | . . Exploded . | . . Melee . | . . Uniques/NPCs Destroyed . | . . Combat | -11 -10 -------- Run | Yrd Mat Hostile Shots Fired 86 | . 86 Missed 23 | . 23 Damage Taken 727 | . 727 Core 252 | . 252 Absorbed by Shields . | . . Core Remaining (%) 100 | 100 . Volleys Fired 30 | . 30 Largest 1 | . 1 Hottest 50 | . 50 Shots Fired 30 | . 30 Gun 30 | . 30 Cannon . | . . Launcher . | . . Special . | . . Kinetic . | . . Thermal 30 | . 30 Explosive . | . . Electromagnetic . | . . Robot Hit Streak 10 | . 10 Robot Miss Streak 1 | . 1 Penetration Max . | . . Secondary Targets . | . . Shots Hit Robots 30 | . 30 Core Hits 11 | . 11 Critical Kills . | . . Critical Parts Destroyed . | . . Critical Strikes 1 | . 1 Burn 1 | . 1 Melee Attacks 6 | . 6 Impact . | . . Slashing . | . . Piercing . | . . Sneak Attacks 2 | . 2 Combat Hostiles . | . . Follow-up Attacks . | . . Damage Inflicted 319 | . 319 Guns 319 | . 319 Cannons . | . . Explosions . | . . Melee . | . . Ramming . | . . Kinetic . | . . Thermal 319 | . 319 Explosive . | . . Electromagnetic . | . . Impact . | . . Slashing . | . . Piercing . | . . Highest Corruption . | . . Average Corruption . | . . Corruption Purged . | . . Corruption Blocked . | . . Overload Shots . | . . Overflow Damage . | . . Projectiles . | . . Explosions . | . . Melee . | . . Knockbacks . | . . Impact . | . . Kinetic . | . . Secondary . | . . Self-Inflicted Damage . | . . Shots . | . . Rammed . | . . Targets Rammed . | . . Kicked . | . . Crushed . | . . Highest Temperature 154 | . 154 Average Temperature 70 | . 70 Received Heat Transfer 384 | . 384 Siege Activations . | . . Robots Corrupted . | . . Combat Hostiles . | . . Parts Fried . | . . Impact Corruptions . | . . Robots Melted . | . . Combat Hostiles . | . . Parts Melted 2 | . 2 Heat Transferred 952 | . 952 Parts Sabotaged . | . . Parts Stolen . | . . Parts Stripped . | . . Power Chain Reactions . | . . Alert | -11 -10 ------- Run | Yrd Mat Peak Influence 155 | . 155 Initial . | . . Average 45 | . 54 Maximum Alert Level . | . . Low Security (%) 100 | 100 100 Level 1 . | . . Level 2 . | . . Level 3 . | . . Level 4 . | . . Level 5 . | . . High Security . | . . Max Security . | . . Squads Dispatched 2 | . 2 Investigation 1 | . 1 Extermination . | . . Reinforcement 1 | . 1 Assault . | . . Garrison . | . . Intercept . | . . Searches Triggered . | . . Construction Impeded . | . . Haulers Reinforced . | . . Active Scanning Responses . | . . Cargo Convoy Interrupts . | . . Stealth | -11 -10 --------- Run | Yrd Mat Distress Signals 2 | . 2 Communications Jammed . | . . Distress Signals . | . . Times Spotted 12 | . 12 Peak Tracking Total 4 | . 4 Tactical Retreats . | . . Traps | -11 -10 ------- Run | Yrd Mat Traps Triggered 1 | . 1 Indirectly . | . . Trap Hack Attempts . | . . Triggered . | . . Disarmed . | . . Reprogrammed . | . . Reused . | . . Traps Extracted . | . . Installed . | . . Triggered . | . . Machines | -11 -10 ---------- Run | Yrd Mat Machines Disabled . | . . Max in Single Turn . | . . Machines Repaired . | . . Machines Dismantled . | . . Machines Sabotaged . | . . Overloaded Fab Kills . | . . Hacking | -11 -10 --------- Run | Yrd Mat Machines Accessed 3 | . 3 Terminals 2 | . 2 Fabricators . | . . Repair Stations . | . . Recycling Units 1 | . 1 Scanalyzers . | . . Garrison Access . | . . Total Hacks 7 | . 7 Successful 3 | . 3 Failed 4 | . 4 Catastrophic 2 | . 2 Database Lockouts . | . . Manual 2 | . 2 Terminals 5 | . 5 Fabricators . | . . Repair Stations . | . . Recycling Units 2 | . 2 Scanalyzers . | . . Garrison Access . | . . Terminal Hacks 3 | . 3 Record 2 | . 2 Dispatch Records 1 | . 1 Fabricator Hacks . | . . Repair Station Hacks . | . . Recycling Unit Hacks . | . . Scanalyzer . | . . Garrison Access Hacks . | . . Unauthorized Hacks . | . . Terminals . | . . Fabricators . | . . Repair Stations . | . . Recycling Units . | . . Scanalyzers . | . . Garrison Access . | . . Data Cores Recovered . | . . Used . | . . Hacking Detections 2 | . 2 Full Trace Events 1 | . 1 Feedback Events . | . . Feedback Blocked . | . . Robot Schematics Acquired . | . . Robots Built . | . . Authchips . | . . Time . | . . Total Robot Build Rating . | . . Part Schematics Acquired . | . . Parts Built . | . . Authchips . | . . Time . | . . Total Part Build Rating . | . . Parts Repaired . | . . Time . | . . Parts Recycled . | . . Recycled Matter . | . . Retrieved Matter . | . . Retrieved Components . | . . Parts Scanalyzed . | . . Part Schematics Acquired . | . . Parts Damaged . | . . Bothacking | -11 -10 ------------ Run | Yrd Mat Used RIF Installer . | . . Robots Hacked 4 | . 4 Non-combat 3 | . 3 Combat 1 | . 1 Robot Hacks Applied 5 | . 5 parse_system 4 | . 4 find_recycling 1 | . 1 Relay Couplers Released . | . . Fabnet Peak Effective % . | . . Robots Rewired . | . . Allies Hacked . | . . Hacks Repelled . | . . Allies | -11 -10 -------- Run | Yrd Mat Total Allies . | . . Largest Group . | . . Highest-Rated Group . | . . Highest-Rated Ally . | . . Total Orders . | . . Ally Attacks . | . . Total Damage . | . . Kills . | . . Allies Corrupted . | . . Allies Melted . | . . Intel | -11 -10 ------- Run | Yrd Mat Robot Analysis Total . | . . Derelict Logs Recovered . | . . Drone Launches . | . . Drone Recoveries . | . . Exploration | -11 -10 ------------- Run | Yrd Mat Turns Passed 564 | 94 470 Spaces Moved 371 | 91 280 Core 64 | 53 11 Treads . | . . Legs . | . . Wheels 307 | 38 269 Hover . | . . Flight . | . . Fastest Speed 50 | 50 80 Average Speed 103 | 84 110 Slowest Speed 400 | 150 400 Overloaded Moves . | . . Propulsion Burnouts . | . . Robots Hopped . | . . Cave-ins Triggered . | . . Exploration Rate (%) 18 | 4 33 Regions Visited 1 Branch Regions . Pre-discovered Areas . | . . Known Exits Taken . | . . Unknown Exits Taken 1 | 1 . Scrap Searched . | . . Spaces Dug . | . . Terrain Destroyed . | . . Melee . | . . Projectile . | . . AOE . | . . Terrain Rammed . | . . Walls Destroyed . | . . Machines Disabled . | . . Actions | -11 -10 --------- Run | Yrd Mat Total 518 | 106 412 Wait 80 | 1 79 Move 370 | 90 280 Hop . | . . Pick Up 13 | 9 4 Fast Attach 8 | 3 5 Attach 5 | 3 2 Detach 2 | . 2 Swap . | . . Drop 4 | . 4 Fire 30 | . 30 Melee 6 | . 6 Ram . | . . Kick . | . . Crush . | . . Escape Stasis . | . . Rewire . | . . Trap . | . . Miscellaneous . | . . Route ------- -11/Scrapyard -10/Materials (discovered 2 exits: [*Mat] / [*Min]) History --------- Turn | Location | Event 29 | -11/Scrapyard | Discovered new exit (range 16) 95 | -11/Scrapyard | Entered Materials 310 | -10/Materials | Build established: Mutant 414 | -10/Materials | Discovered new exit (range 12) 417 | -10/Materials | Lost 5 parts (1p1n1u2w) 514 | -10/Materials | Core integrity fell below 50% 514 | -10/Materials | Discovered new exit (range 16) 554 | -10/Materials | Core integrity fell below 20% 565 | -10/Materials | Destroyed by G-34 Mercenary with Small Laser Last Messages --------------- into recycling unit. 00459_ R-06 Scavenger inserts Flight Unit into recycling unit. 00473_ R-06 Scavenger inserts Visual Processing Unit into recycling unit. 00476_ R-06 Scavenger inserts Lgt. Ion Engine into recycling unit. 00479_ R-06 Scavenger inserts Lgt. Assault Rifle into recycling unit. 00482_ R-06 Scavenger inserts Flight Unit into recycling unit. 00483_ K-01 Serf cleans the Matter Filter. 00493_ Connecting with Recycling Unit... 00493_ ALERT: Suspicious activity at Recycling Unit M002. Dispatching Investigation squad. 00497_ K-01 Serf cleans the Matter Filter. 00514_ EXIT=FOUND 00527_ Wheel destroyed. 00541_ Sml. Laser destroyed. 00551_ Terrain Scanner destroyed. Map ----- +----------------------------------------------------+ | ?#######T## "T #######+##??????????#?#? | | ???????#??# "" #??????? ?????????????#? | | ??????????# ##???????????????????#?? | | ??????????# #?#????????????????????? | | ??????????# #??????????????????????? | | ??????????# #??????????????????????? | | ??????????# ^ #??????????????????????? | | ??????????# #?#????????????????????? | | ???"??????# """"""" #??????????????????????? | | ??????????# """"""" ##??????????????????????? | | ??????????# """"""" #??#????????????????????? | | ########### """"""" #?#?????????????????????? | | """"""" #???????????????????????? | | #???????????????????????? | | #???????????????????????? | | ##############" "## #???????????????????????? | | ?????????????#"Y"## #? ???? ????????????????? | | ?????????#???#"""## #? ?? ?????????????????? | | ?????????????###### #?????"???????????#?????? | | ??????????????????# ##??????????????????????? | | ???????#????? ????# #?????????#?????????????? | | ???##???????? ????# #???????????????????????? | | ??????#???????????# #######+######+####?????? | | ??????????????????# #?????? | | ????????????????? + g < #?????? | | ????????????????"?# @ #??#??? | | ????????#?????????###############T#####???????? | | ?????????? ????"???#?????#????????????????????? | | ??????????????? ????????????#?????????????????? | | ???????????#?#??????????#?????????????????????? | | | | | | | | | | | | | | | | | | | | | | | | | | | | | | | | | | | | | | | | | +----------------------------------------------------+ Best States ------------- Heat Dissipation 25 Energy Generation 10 Energy Capacity 250 Matter Stores 300 Matter Capacity 300 Sight Range 16 Terrain Scan Range 14 Terrain Scan Density 10 Evasion (%) 50 Item Schematics ----------------- None Robot Schematics ------------------ None Fabricated ------------ Nothing Alien Tech Used ----------------- None Achievements -------------- None Challenges ------------ None Game ------ Seed CatalystImpulseMonowheel Manual? 0 Play Time 00:12:51 Cumulative 0.9 hours Start 2024.04.03 @ 12:22:27 End 2024.04.03 @ 12:33:41 Sessions 1 Manual Loads 0 Difficulty Rogue Special Mode None Game No. 3 Rogue 1 Adventurer 0 Explorer 2 Win Type - Total 0 Types 0/0/0/0/0/0/0/0/0 Lore% 1 Gallery% 5 Achievement% 7 Wizard Run 0 Options --------- Layout 1 ASCII 0 Keyboard 1 Movement Numpad Keybinds 0 Fullscreen 1 Font 24/Smallcaps Map View 50x35 Zoom Use 0% Tactical HUD 1 Map Filters NONE Filters NONE Steam 1 RUN: 4184939a-3e6c-42ae-8efa-816a304f1d55